 Dungeon Crawl Stone Soup version 0.25.0-17-g773c8c6189 (webtiles) character file.

Game seed: 13840119460182358595

445 DungeonDestroyer the Shield-Bearer (level 7, -3/59 HPs)
             Began as a Gnoll Fighter on June 30, 2020.
             Slain by a slave (5 damage)
             ... led by Pikel
             ... on level 4 of the Dungeon.
             The game lasted 00:03:58 (2983 turns).

DungeonDestroyer the Shield-Bearer (Gnoll Fighter)  Turns: 2983, Time: 00:03:59

Health: -3/59      AC:  7    Str: 20    XL:     7   Next: 3%
Magic:  10/10      EV:  9    Int: 11    God:
Gold:   131        SH: 12    Dex: 14    Spells: 10/10 levels left

rFire    . . .     SeeInvis .   a - +0 war axe
rCold    + . .     Gourm    .   c - +1 kite shield
rNeg     . . .     Faith    .   b - +0 scale mail
rPois    .         Spirit   .   (no helmet)
rElec    .         Reflect  .   (no cloak)
rCorr    .         Harm     .   (no gloves)
MR       .....                  (no boots)
Stlth    +.........             (no amulet)
HPRegen  0.19/turn              o - ring of protection from cold
MPRegen  0.12/turn              (no ring)

@: no status effects
A: distributed training, fangs 1, strong nose
a: no special abilities


You were on level 4 of the Dungeon.
You were not hungry.

You visited 1 branch of the dungeon, and saw 4 of its levels.

You collected 131 gold pieces.

Inventory:

Hand Weapons
 a - a +0 war axe (weapon)
 m - a +2 vorpal mace
Missiles
 h - 177 stones (quivered)
 i - 58 arrows
 p - 28 sling bullets
Armour
 b - a +0 scale mail (worn)
 c - a +1 kite shield (worn)
Jewellery
 o - a ring of protection from cold (left hand)
Wands
 s - a wand of random effects (14)
Scrolls
 j - 3 scrolls of teleportation
 k - 4 scrolls of remove curse
Potions
 d - a potion of might
 e - 4 potions of curing
 g - a potion of brilliance
 n - a potion of ambrosia
 q - a potion of heal wounds
Comestibles
 f - 6 rations
 l - 5 chunks of flesh


   Skills:
 + Level 6.9 Fighting
 + Level 2.2 Short Blades
 + Level 2.2 Long Blades
 + Level 5.1 Axes
 + Level 2.2 Maces & Flails
 + Level 2.2 Polearms
 + Level 2.2 Staves
 + Level 2.2 Slings
 + Level 2.2 Bows
 + Level 2.2 Crossbows
 + Level 2.2 Throwing
 + Level 6.9 Armour
 + Level 2.2 Dodging
 + Level 2.2 Stealth
 + Level 6.9 Shields
 + Level 2.2 Unarmed Combat
 + Level 2.2 Spellcasting
 + Level 1.7 Conjurations
 + Level 1.7 Hexes
 + Level 1.7 Charms
 + Level 1.7 Summonings
 + Level 1.7 Necromancy
 + Level 1.7 Translocations
 + Level 1.7 Transmutations
 + Level 1.7 Fire Magic
 + Level 1.7 Ice Magic
 + Level 1.7 Air Magic
 + Level 1.7 Earth Magic
 + Level 1.7 Poison Magic
 + Level 2.4 Invocations
 + Level 2.2 Evocations


You had 10 spell levels left.
You didn't know any spells.
Your spell library was empty.

Dungeon Overview and Level Annotations

Branches:
Dungeon (4/15)
 Temple: D:4-7

Altars:

Annotations:
D:4 Pikel


Innate Abilities, Weirdness & Mutations

Your experience applies equally to all skills.
You have very sharp teeth.
Your uncanny sense of smell can sniff out nearby items.


Message History

You block the orc wizard's attack.
A quokka comes into view.
The slave hits you. You block the orc wizard's attack.
Pikel hits you with a +1 whip of flaming.
* * * LOW HITPOINT WARNING * * *
Pikel burns you.
* * * LOW HITPOINT WARNING * * *
The slave hits you.
* * * LOW HITPOINT WARNING * * *
You hit Pikel but do no damage. You bite Pikel.
Pikel is almost dead.
You completely miss the orc wizard. You miss the slave.
You hit the slave but do no damage.
The orc wizard looks braver for a moment.
The slave hits you.
* * * LOW HITPOINT WARNING * * *
Pikel barely misses you. The slave hits you.
* * * LOW HITPOINT WARNING * * *
You block the orc wizard's attack. The slave hits you.
You die...

.# ##....#...
.###.....#.#.#
..#........#.# ..
...........#.##..
...#............
..............## .
.###÷.)........### #...
.###)<.........o.##...#
..#.)))..÷......@Kp...#
...#.......##..ppp.#...#
$..#......##.......#. ..
...........##r...>....
..................##...
..................# ....
....<.........##........
..............##..>#. ..
..............# .### .


You could see Pikel, 4 slaves, an orc wizard (fast) and a quokka.

Vanquished Creatures
  Sigmund (D:3)
  Blork the orc (D:4)
  A howler monkey (D:4)
  A bullfrog skeleton (D:4)
  Jessica (D:3)
  Robin (D:4)
  A gnoll (D:1)
  3 adders
  An ooze (D:1)
  3 worms
  5 leopard geckos
  2 giant cockroaches (D:3)
  11 goblins
  7 hobgoblins
  6 jackals
  5 bats
  3 frilled lizards
  3 kobolds
  6 rats
62 creatures vanquished.

Notes
Turn   | Place    | Note
-------+----------+-------------------------------------------
     0 | D:1      | DungeonDestroyer the Gnoll Fighter began the quest for the
                  | Orb.
     0 | D:1      | Reached XP level 1. HP: 23/23 MP: 1/1
   106 | D:1      | Reached XP level 2. HP: 22/29 MP: 2/2
   494 | D:1      | Reached XP level 3. HP: 35/35 MP: 3/3
  1460 | D:2      | Reached skill level 1 in Invocations
  1943 | D:3      | Reached skill level 1 in Short Blades
  1943 | D:3      | Reached skill level 1 in Long Blades
  1943 | D:3      | Reached skill level 1 in Maces & Flails
  1943 | D:3      | Reached skill level 1 in Polearms
  1943 | D:3      | Reached skill level 1 in Staves
  1943 | D:3      | Reached skill level 1 in Slings
  1943 | D:3      | Reached skill level 1 in Bows
  1943 | D:3      | Reached skill level 1 in Crossbows
  1943 | D:3      | Reached skill level 1 in Throwing
  1943 | D:3      | Reached skill level 1 in Dodging
  1943 | D:3      | Reached skill level 1 in Stealth
  1943 | D:3      | Reached skill level 1 in Unarmed Combat
  1943 | D:3      | Reached skill level 1 in Spellcasting
  1943 | D:3      | Reached skill level 1 in Evocations
  2055 | D:3      | Reached XP level 4. HP: 38/41 MP: 5/5
  2129 | D:3      | Noticed Jessica
  2139 | D:3      | Killed Jessica
  2139 | D:3      | Reached skill level 1 in Conjurations
  2139 | D:3      | Reached skill level 1 in Hexes
  2139 | D:3      | Reached skill level 1 in Charms
  2139 | D:3      | Reached skill level 1 in Summonings
  2139 | D:3      | Reached skill level 1 in Necromancy
  2139 | D:3      | Reached skill level 1 in Translocations
  2139 | D:3      | Reached skill level 1 in Transmutations
  2139 | D:3      | Reached skill level 1 in Fire Magic
  2139 | D:3      | Reached skill level 1 in Ice Magic
  2139 | D:3      | Reached skill level 1 in Air Magic
  2139 | D:3      | Reached skill level 1 in Earth Magic
  2139 | D:3      | Reached skill level 1 in Poison Magic
  2635 | D:3      | Noticed Sigmund
  2647 | D:3      | Killed Sigmund
  2647 | D:3      | Reached XP level 5. HP: 19/47 MP: 5/7
  2647 | D:3      | Reached XP level 6. HP: 21/53 MP: 5/8
  2874 | D:4      | Noticed Robin
  2880 | D:4      | Noticed Blork the orc
  2886 | D:4      | Killed Robin
  2897 | D:4      | Killed Blork the orc
  2897 | D:4      | Reached skill level 5 in Axes
  2950 | D:4      | Reached XP level 7. HP: 37/59 MP: 10/10
  2969 | D:4      | Noticed Pikel
  2983 | D:4      | HP: 2/59 [slave[Pikel] (4)]
  2983 | D:4      | Slain by a slave

Illustrated notes

Levels and vault maps discovered:
D:1:      mushboom_english_gardens, layout_basic
D:2:      layout_basic, first_ration
D:3:      layout_loops_ring, uniq_sigmund, uniq_jessica
D:4:      layout_cave_pools, uniq_robin, uniq_pikel, uniq_blork_the_orc

Skill      XL: |  1  2  3  4  5  6 |
---------------+-------------------+-----
Invocations    | 1 2 |  2.4
Short Blades   | 1 2 |  2.2
Long Blades    | 1 2 |  2.2
Maces & Flails | 1 2 |  2.2
Polearms       | 1 2 |  2.2
Staves         | 1 2 |  2.2
Slings         | 1 2 |  2.2
Bows           | 1 2 |  2.2
Crossbows      | 1 2 |  2.2
Throwing       | 1 2 |  2.2
Dodging        | 1 2 |  2.2
Stealth        | 1 2 |  2.2
Unarmed Combat | 1 2 |  2.2
Spellcasting   | 1 2 |  2.2
Evocations     | 1 2 |  2.2
Conjurations   | 1 |  1.7
Hexes          | 1 |  1.7
Charms         | 1 |  1.7
Summonings     | 1 |  1.7
Necromancy     | 1 |  1.7
Translocations | 1 |  1.7
Transmutations | 1 |  1.7
Fire Magic     | 1 |  1.7
Ice Magic      | 1 |  1.7
Air Magic      | 1 |  1.7
Earth Magic    | 1 |  1.7
Poison Magic   | 1 |  1.7
Axes           | 5 |  5.1
Fighting       | |  6.9
Armour         | |  6.9
Shields        | |  6.9

Action                   |  1- 3 |  4- 6 |  7- 9 || total
-------------------------+-------+-------+-------++-------
Melee: War axe           |    88 |    89 |     8 ||   185
       Bite              |     9 |    13 |     2 ||    24
  Use: Potion            |     6 |     2 |       ||     8
       Scroll            |     4 |     2 |       ||     6
  Eat: Chunk             |     2 |       |       ||     2
       Ration            |     1 |     1 |       ||     2
Armor: Scale mail        |    37 |    26 |     4 ||    67
Dodge: Dodged            |    24 |    22 |     4 ||    50
Block: Kite shield       |    61 |    58 |     5 ||   124
